RedWings vs Coyotes

Created - Sunday, February 08, 2015 at 00:40

Goals
1 2 3 OT1 T
RedWings 1 1 1 0 3
Coyotes 2 1 0 1 4
Shots
1 2 3 OT1 T
RedWings 9 8 6 0 23
Coyotes 14 4 12 1 31

1st period

1. Coyotes , Jaden Schwartz 25 (Matt Gilroy, T.J. Brennan) at 3:12 (PP)
2. Coyotes , Mark Borowiecki 3 (Dale Weise, Pierre-Marc Bouchard) at 13:39
3. RedWings , Alex Goligoski 13 (Jannik Hansen, Travis Moen) at 19:07

Penalties :
Eric Gryba (Det) for Hooking (Minor) at 1:41, Dale Weise (Ari) for Slashing (Minor) at 10:50

2nd period

4. RedWings , Jason Demers 12 (Jannik Hansen, Travis Moen) at 3:04 (PP)
5. Coyotes , Tom Gilbert 16 (Sean Monahan, Jaden Schwartz) at 7:11 (PP)

Penalties :
David Jones (Ari) for Cross-checking (Minor) at 1:31, Brandon Prust (Det) for Interference (Minor) at 5:15, Brandon Prust (Det) for Hooking (Minor) at 15:31

3rd period

6. RedWings , Eric Gryba 4 (Alexei Emelin, David Moss) at 12:58

Penalties :
Mark Borowiecki (Ari) for Holding (Minor) at 3:02, Eric Gryba (Det) for Goalie Interference (Minor) at 13:47

Overtime #1

7. Coyotes , Jaden Schwartz 26 (Joakim Andersson) at 0:17

Penalties :
No Penalty

Goalie Stats

Jonas Hiller (Det), 27 saves from 31 shots - (0.871), OTL, 13-25-3, 60:17 minutes
Justin Peters (Ari), 16 saves from 18 shots - (0.889), 40:34 minutes
Malcolm Subban (Ari), 4 saves from 5 shots - (0.800), W, 1-3-1, 19:43 minutes

Players Stats for RedWings

Player Name              G  A  P  +/- PIM S  H  SB GA TA FO     MP     PP MP  PK MP  
------------------------------------------------------------------------------------
Alex Goligoski           1  0  1   0  0   1  2  0  2  2  0/0    26:49   3:17   4:35 
Alexei Emelin            0  1  1   0  0   0  2  1  0  0  0/0    20:17   2:14   2:50 
Beau Bennett             0  0  0   0  0   0  1  0  0  0  0/0    12:13   0:00   0:00 
Brandon Prust            0  0  0   1  4   4  1  0  1  0  4/13   18:44   3:20   0:00 
Bryan Bickell            0  0  0   0  0   1  2  0  0  0  0/0    14:57   0:00   0:00 
Chris VandeVelde         0  0  0   0  0   1  0  0  0  1  4/11   13:26   0:00   0:00 
David Moss               0  1  1   0  0   2  2  0  3  1  0/0    17:03   2:11   1:26 
Eric Gryba               1  0  1   0  4   2  2  0  0  0  0/0    13:53   0:00   0:00 
Jannik Hansen            0  2  2   1  0   2  2  2  1  0  1/3    20:11   3:20   1:26 
Jason Demers             1  0  1   0  0   4  0  1  0  4  0/0    20:17   2:14   2:50 
Jesse Joensuu            0  0  0   0  0   1  0  0  0  0  0/0     5:29   0:00   0:16 
Johnny Boychuk           0  0  0   0  0   1  3  1  0  1  0/0    22:02   3:17   4:35 
Justin Abdelkader        0  0  0  -1  0   1  2  0  3  0  4/9    19:54   2:11   5:12 
Milan Michalek           0  0  0  -1  0   2  1  1  5  0  3/10   23:30   2:11   4:22 
Nick Leddy               0  0  0   0  0   1  0  0  1  1  0/0    13:10   0:00   0:00 
Paul Postma              0  0  0   0  0   0  0  0  0  0  0/0     4:47   0:00   0:00 
Travis Moen              0  2  2   1  0   0  1  0  1  2  0/0    18:45   3:20   0:00 
Zac Rinaldo              0  0  0   0  0   0  1  0  0  0  2/2     8:06   0:00   2:08 

Players Stats for Coyotes

Player Name              G  A  P  +/- PIM S  H  SB GA TA FO     MP     PP MP  PK MP  
------------------------------------------------------------------------------------
Bobby Butler             0  0  0   0  0   1  0  1  0  0  4/7    13:05   0:00   0:00 
Dale Weise               0  1  1   0  2   1  1  0  0  0  0/0    13:30   0:00   0:00 
David Jones              0  0  0  -1  2   4  1  0  2  0  0/0    17:55   3:52   0:39 
Eric Nystrom             0  0  0  -1  0   1  2  1  1  1  0/2    22:12   3:33   4:00 
Evan Oberg               0  0  0   0  0   0  1  0  0  0  0/0     4:45   0:00   0:00 
Jaden Schwartz           2  1  3   1  0   9  2  0  4  0  0/0    23:17   3:52   1:31 
Joakim Andersson         0  1  1   0  0   1  0  3  1  1  8/15   22:05   3:33   4:00 
Mark Borowiecki          1  0  1   1  2   1  2  1  0  2  0/0    17:10   0:00   0:55 
Markus Granlund          0  0  0   0  0   0  0  0  0  0  2/2     6:27   0:00   0:00 
Matt Gilroy              0  1  1  -2  0   0  1  3  2  2  0/0    19:38   3:14   3:59 
Michael Kostka           0  0  0   1  0   1  0  0  0  1  0/0    18:05   4:11   0:00 
Michal Jordan            0  0  0  -2  0   1  0  0  0  0  0/0    12:25   0:00   0:37 
Paul Byron               0  0  0   0  0   1  0  0  1  0  0/0     6:27   0:00   0:00 
Pierre-Marc Bouchard     0  1  1   0  0   2  0  2  3  0  2/2    18:20   3:33   0:00 
Sean Monahan             0  1  1   0  0   4  1  2  4  0  14/20  19:05   3:52   0:52 
Stephen Weiss            0  0  0   0  0   0  0  0  0  0  0/0    12:24   0:00   0:00 
T.J. Brennan             0  1  1   1  0   1  1  2  0  0  0/0    21:37   3:14   1:53 
Tom Gilbert              1  0  1   1  0   3  5  1  0  2  0/0    27:02   4:11   3:38 

3 Stars

1 - Jaden Schwartz (Ari)
2 - Tom Gilbert (Ari)
3 - Jannik Hansen (Det)

Power Play

RedWings - 1 on 3 Attempt(s) - 33.33%
Coyotes - 2 on 5 Attempt(s) - 40.00%

Penalty Kill

RedWings - 3 on 5 Attempt(s) - 60.00% - Score 0 goal in Penalty Kill
Coyotes - 2 on 3 Attempt(s) - 66.67% - Score 0 goal in Penalty Kill

Team Stat

RedWings - Hits : 22 - Faceoff Wins : 18 - Blocked Shots : 6 - Penalty Minutes : 8
Coyotes - Hits : 17 - Faceoff Wins : 30 - Blocked Shots : 16 - Penalty Minutes : 6

Official

Referees : Unknown
Linesman : Unknown

Game Notes

Justin Peters is injured at 0:34 of 3rd period (Torso)
Malcolm Subban enters game at 0:34 of 3rd period
5:12 of 3rd period - Penalty Shot by Nick Leddy for RedWings - Stopped by Malcolm Subban

Finance

Level 1 -- Attendance: 4636 (77.27%) -- Ticket Income $426,512
Level 2 -- Attendance: 3743 (74.86%) -- Ticket Income $224,580
Level 3 -- Attendance: 1558 (77.90%) -- Ticket Income $49,856
Level 4 -- Attendance: 2993 (74.83%) -- Ticket Income $59,860
Luxury Box -- Attendance: 701 (70.10%) -- Ticket Income $129,685
Game was played at the Glendale Arena'
Total Attendance: 13631 (75.73%)
Total Ticket Income: $890,493
Other Income: $436,342
Total Income: $1,326,835

RedWings

5 vs 5 Forward 
   Center                   Left Wing                Right Wing               Time % Phy DF OF 
 1 Justin Abdelkader        Milan Michalek           Beau Bennett             35     1   2  2  
 2 Brandon Prust            Jannik Hansen            Travis Moen              30     1   2  2  
 3 Chris VandeVelde         Bryan Bickell            David Moss               22     1   2  2  
 4 Milan Michalek           Zac Rinaldo              Jesse Joensuu            13     1   2  2  

5 vs 5 Defense 
   Defense                  Defense                                           Time % Phy DF OF 
 1 Alex Goligoski           Johnny Boychuk                                    35     1   2  2  
 2 Alexei Emelin            Jason Demers                                      30     1   2  2  
 3 Eric Gryba               Nick Leddy                                        22     1   2  2  
 4 Paul Postma              Alex Goligoski                                    13     1   2  2  

PowerPlay Forward 
   Center                   Left Wing                Right Wing               Time % Phy DF OF 
 1 Justin Abdelkader        Milan Michalek           David Moss               60     1   2  2  
 2 Brandon Prust            Jannik Hansen            Travis Moen              40     1   2  2  

PowerPlay Defense
   Defense                  Defense                                           Time % Phy DF OF 
 1 Alex Goligoski           Johnny Boychuk                                    60     1   2  2  
 2 Alexei Emelin            Jason Demers                                      40     1   2  2  

Penalty Kill 4 Players Forward 
   Center                   Wing                     Time % Phy DF OF 
 1 Milan Michalek           Justin Abdelkader        60     1   2  2  
 2 David Moss               Jannik Hansen            40     1   2  2  

Penalty Kill 4 Players Defense
   Defense                  Defense                  Time % Phy DF OF 
 1 Alex Goligoski           Johnny Boychuk           60     1   2  2  
 2 Alexei Emelin            Jason Demers             40     1   2  2  

Penalty Kill - 3 Players Forward 
   Forward                                           Time % Phy DF OF 
 1 Milan Michalek                                    60     1   2  2  
 2 Justin Abdelkader                                 40     1   2  2  

Penalty Kill - 3 Players Defense
   Defense                  Defense                  Time % Phy DF OF 
 1 Alex Goligoski           Johnny Boychuk           60     1   2  2  
 2 Alexei Emelin            Jason Demers             40     1   2  2  

4 vs 4 Forward 
   Center                   Wing                     Time % Phy DF OF 
 1 Milan Michalek           Justin Abdelkader        60     1   2  2  
 2 David Moss               Jannik Hansen            40     1   2  2  

4 vs 4 Defense
   Defense                  Defense                  Time % Phy DF OF 
 1 Alex Goligoski           Johnny Boychuk           60     1   2  2  
 2 Alexei Emelin            Jason Demers             40     1   2  2  

Last Minutes Offensive
   Center                   Left Wing                Right Wing               Defense                  Defense                  
   Justin Abdelkader        Milan Michalek           David Moss               Alex Goligoski           Johnny Boychuk           

Last Minutes Defensive
   Center                   Left Wing                Right Wing               Defense                  Defense                  
   Justin Abdelkader        Milan Michalek           David Moss               Alex Goligoski           Johnny Boychuk           

Goaltenders
Starting : Jonas Hiller             
Backup : Martin Jones             

Extra Forwards
Normal : Bryan Bickell, Beau Bennett, Zac Rinaldo - PP : Bryan Bickell, Beau Bennett - PK : Zac Rinaldo
Extra Defensemen
Normal : Eric Gryba, Nick Leddy, Paul Postma - PP : Eric Gryba - PK : Nick Leddy, Paul Postma
Penalty Shots
Milan Michalek, Justin Abdelkader, David Moss, Jannik Hansen, Travis Moen

Coyotes

5 vs 5 Forward 
   Center                   Left Wing                Right Wing               Time % Phy DF OF 
 1 Sean Monahan             Jaden Schwartz           Stephen Weiss            35     1   2  2  
 2 Joakim Andersson         Eric Nystrom             David Jones              30     1   2  2  
 3 Bobby Butler             Dale Weise               Pierre-Marc Bouchard     22     1   2  2  
 4 Markus Granlund          Jaden Schwartz           Paul Byron               13     1   2  2  

5 vs 5 Defense 
   Defense                  Defense                                           Time % Phy DF OF 
 1 Tom Gilbert              Michael Kostka                                    35     1   2  2  
 2 Mark Borowiecki          T.J. Brennan                                      30     1   2  2  
 3 Matt Gilroy              Michal Jordan                                     22     1   2  2  
 4 Tom Gilbert              Evan Oberg                                        13     1   2  2  

PowerPlay Forward 
   Center                   Left Wing                Right Wing               Time % Phy DF OF 
 1 Sean Monahan             Jaden Schwartz           David Jones              60     1   2  2  
 2 Joakim Andersson         Eric Nystrom             Pierre-Marc Bouchard     40     1   2  2  

PowerPlay Defense
   Defense                  Defense                                           Time % Phy DF OF 
 1 Tom Gilbert              Michael Kostka                                    60     1   2  2  
 2 Matt Gilroy              T.J. Brennan                                      40     1   2  2  

Penalty Kill 4 Players Forward 
   Center                   Wing                     Time % Phy DF OF 
 1 Joakim Andersson         Eric Nystrom             60     1   2  2  
 2 Sean Monahan             Jaden Schwartz           40     1   2  2  

Penalty Kill 4 Players Defense
   Defense                  Defense                  Time % Phy DF OF 
 1 Matt Gilroy              Tom Gilbert              60     1   2  2  
 2 T.J. Brennan             Mark Borowiecki          40     1   2  2  

Penalty Kill - 3 Players Forward 
   Forward                                           Time % Phy DF OF 
 1 Joakim Andersson                                  60     1   2  2  
 2 Jaden Schwartz                                    40     1   2  2  

Penalty Kill - 3 Players Defense
   Defense                  Defense                  Time % Phy DF OF 
 1 Matt Gilroy              Tom Gilbert              60     1   2  2  
 2 T.J. Brennan             Michal Jordan            40     1   2  2  

4 vs 4 Forward 
   Center                   Wing                     Time % Phy DF OF 
 1 Joakim Andersson         Jaden Schwartz           60     1   2  2  
 2 Sean Monahan             Eric Nystrom             40     1   2  2  

4 vs 4 Defense
   Defense                  Defense                  Time % Phy DF OF 
 1 Tom Gilbert              Michael Kostka           60     1   2  2  
 2 T.J. Brennan             Matt Gilroy              40     1   2  2  

Last Minutes Offensive
   Center                   Left Wing                Right Wing               Defense                  Defense                  
   Sean Monahan             Jaden Schwartz           David Jones              Tom Gilbert              Michael Kostka           

Last Minutes Defensive
   Center                   Left Wing                Right Wing               Defense                  Defense                  
   Joakim Andersson         Jaden Schwartz           Eric Nystrom             Matt Gilroy              Tom Gilbert              

Goaltenders
Starting : Justin Peters            
Backup : Malcolm Subban           

Extra Forwards
Normal : Jaden Schwartz, Sean Monahan, Eric Nystrom - PP : Jaden Schwartz, Eric Nystrom - PK : Jaden Schwartz
Extra Defensemen
Normal : Matt Gilroy, T.J. Brennan, Tom Gilbert - PP : Tom Gilbert - PK : Matt Gilroy, Tom Gilbert
Penalty Shots
Jaden Schwartz, Sean Monahan, Joakim Andersson, David Jones, Eric Nystrom

% Time on Ice - RedWings

Lines # - Real PCT - Wanted PCT - Time Play
Normal Forward
1 - 28% - 35% - 13:00
2 - 33% - 30% - 15:25
3 - 29% - 22% - 13:26
4 - 11% - 13% - 5:13
Normal Defense
1 - 29% - 35% - 13:53
2 - 32% - 30% - 15:14
3 - 28% - 22% - 13:10
4 - 10% - 13% - 4:47
PP Forward
1 - 40% - 60% - 2:11
2 - 60% - 40% - 3:20
PP Defense
1 - 60% - 60% - 3:17
2 - 40% - 40% - 2:14
PK Forward
1 - 81% - 60% - 5:59
2 - 19% - 40% - 1:26
PK Defense
1 - 62% - 60% - 4:35
2 - 38% - 40% - 2:50
PK3 Forward
1 - 0% - 60%
2 - 0% - 40%
PK3 Defense
1 - 0% - 60%
2 - 0% - 40%
44 Forward
1 - 100% - 60% - 0:17
2 - 0% - 40% - 0:00
44 Defense
1 - 100% - 60% - 0:17
2 - 0% - 40% - 0:00
Last Minute Offensive  - 0:00
Last Minute Defensive  - 0:00
Total
Forward - 60:17
Defense - 60:17

% Time on Ice - Coyotes

Lines # - Real PCT - Wanted PCT - Time Play
Normal Forward
1 - 28% - 35% - 13:17
2 - 30% - 30% - 14:15
3 - 28% - 22% - 13:05
4 - 14% - 13% - 6:27
Normal Defense
1 - 30% - 35% - 14:12
2 - 35% - 30% - 16:30
3 - 25% - 22% - 11:37
4 - 10% - 13% - 4:45
PP Forward
1 - 52% - 60% - 3:52
2 - 48% - 40% - 3:33
PP Defense
1 - 56% - 60% - 4:11
2 - 44% - 40% - 3:14
PK Forward
1 - 84% - 60% - 4:39
2 - 16% - 40% - 0:52
PK Defense
1 - 66% - 60% - 3:38
2 - 34% - 40% - 1:53
PK3 Forward
1 - 0% - 60%
2 - 0% - 40%
PK3 Defense
1 - 0% - 60%
2 - 0% - 40%
44 Forward
1 - 100% - 60% - 0:17
2 - 0% - 40% - 0:00
44 Defense
1 - 100% - 60% - 0:17
2 - 0% - 40% - 0:00
Last Minute Offensive  - 0:00
Last Minute Defensive  - 0:00
Total
Forward - 60:17
Defense - 60:17

Play by Play

1st period


0:01 of 1st period - Sean Monahan wins face-off versus Justin Abdelkader in neutral zone.
1:05 of 1st period - Mark Borowiecki is hit by Johnny Boychuk and loses puck.
1:30 of 1st period - Wrist shot by David Jones.
1:30 of 1st period - Shot Misses the Net.
1:32 of 1st period - Snap shot by Eric Nystrom.
1:32 of 1st period - Stopped by Jonas Hiller without a rebound.
1:33 of 1st period - Bobby Butler wins face-off versus Chris VandeVelde in RedWings zone.
1:41 of 1st period - Minor Penalty to Eric Gryba for Hooking.
1:42 of 1st period - Sean Monahan wins face-off versus Milan Michalek in RedWings zone.
2:28 of 1st period - Snap shot by Pierre-Marc Bouchard.
2:28 of 1st period - Shot Misses the Net.
2:34 of 1st period - Alex Goligoski is hit by Tom Gilbert and loses puck.
3:06 of 1st period - Wrist shot by Jaden Schwartz.
3:06 of 1st period - Shot Blocked by Jannik Hansen.
3:08 of 1st period - Slapshot by T.J. Brennan.
3:08 of 1st period - Stopped by Jonas Hiller with a rebound.
3:10 of 1st period - Slapshot by Matt Gilroy.
3:10 of 1st period - Shot Misses the Net.
3:12 of 1st period - Wrist shot by Jaden Schwartz.
3:12 of 1st period - Goal by Jaden Schwartz - RedWings : 0 - Coyotes : 1.
3:13 of 1st period - Chris VandeVelde wins face-off versus Bobby Butler in neutral zone.
3:24 of 1st period - Slapshot by Pierre-Marc Bouchard.
3:24 of 1st period - Shot Misses the Net.
3:46 of 1st period - Slapshot by Nick Leddy.
3:46 of 1st period - Stopped by Justin Peters with a rebound.
3:48 of 1st period - Slapshot by Eric Gryba.
3:48 of 1st period - Shot Blocked by Bobby Butler.
4:08 of 1st period - Slapshot by David Jones.
4:08 of 1st period - Shot Misses the Net.
4:10 of 1st period - Wrist shot by Joakim Andersson.
4:10 of 1st period - Shot Misses the Net.
4:14 of 1st period - Wrist shot by Eric Nystrom.
4:14 of 1st period - Shot Misses the Net.
4:16 of 1st period - Snap shot by Eric Nystrom.
4:16 of 1st period - Shot Blocked by Milan Michalek.
4:18 of 1st period - Snap shot by T.J. Brennan.
4:18 of 1st period - Shot Misses the Net.
4:20 of 1st period - Slapshot by David Jones.
4:20 of 1st period - Stopped by Jonas Hiller without a rebound.
4:21 of 1st period - Sean Monahan wins face-off versus Brandon Prust in RedWings zone.
4:34 of 1st period - Slapshot by Jaden Schwartz.
4:34 of 1st period - Shot Misses the Net.
4:49 of 1st period - Wrist shot by Sean Monahan.
4:49 of 1st period - Shot Hit the Post.
5:14 of 1st period - Eric Nystrom is hit by Beau Bennett and loses puck.
5:53 of 1st period - Icing by Paul Byron.
5:54 of 1st period - Markus Granlund wins face-off versus Chris VandeVelde in Coyotes zone.
6:25 of 1st period - Eric Gryba is hit by Tom Gilbert and loses puck.
6:56 of 1st period - Wrist shot by Alex Goligoski.
6:56 of 1st period - Shot Blocked by Pierre-Marc Bouchard.
7:16 of 1st period - Eric Nystrom is hit by Johnny Boychuk and loses puck.
7:27 of 1st period - Snap shot by David Jones.
7:27 of 1st period - Shot Misses the Net.
7:37 of 1st period - Wrist shot by David Jones.
7:37 of 1st period - Shot Misses the Net.
7:39 of 1st period - Snap shot by Eric Nystrom.
7:39 of 1st period - Shot Misses the Net.
8:46 of 1st period - Wrist shot by Milan Michalek.
8:46 of 1st period - Stopped by Justin Peters with a rebound.
8:48 of 1st period - Snap shot by Jason Demers.
8:48 of 1st period - Shot Blocked by Mark Borowiecki.
9:20 of 1st period - Slapshot by Tom Gilbert.
9:20 of 1st period - Deflect By Pierre-Marc Bouchard.
9:20 of 1st period - Shot Misses the Net.
9:20 of 1st period - Puck is out of play.
9:21 of 1st period - Chris VandeVelde wins face-off versus Eric Nystrom in RedWings zone.
9:30 of 1st period - Wrist shot by David Moss.
9:30 of 1st period - Stopped by Justin Peters with a rebound.
9:32 of 1st period - Wrist shot by David Moss.
9:32 of 1st period - Shot Misses the Net.
9:34 of 1st period - Snap shot by David Moss.
9:34 of 1st period - Deflect By Chris VandeVelde.
9:34 of 1st period - Deflect By Michal Jordan.
9:34 of 1st period - Shot Blocked by Matt Gilroy.
9:34 of 1st period - Puck is out of play.
9:35 of 1st period - Chris VandeVelde wins face-off versus Joakim Andersson in Coyotes zone.
9:36 of 1st period - Snap shot by Nick Leddy.
9:36 of 1st period - Shot Blocked by Eric Nystrom.
9:54 of 1st period - Slapshot by Bryan Bickell.
9:54 of 1st period - Deflect By David Moss.
9:54 of 1st period - Stopped by Justin Peters with a rebound.
10:14 of 1st period - Justin Abdelkader is hit by Matt Gilroy and loses puck.
10:27 of 1st period - Snap shot by Justin Abdelkader.
10:27 of 1st period - Deflect By Milan Michalek.
10:27 of 1st period - Stopped by Justin Peters without a rebound.
10:28 of 1st period - Pierre-Marc Bouchard wins face-off versus Justin Abdelkader in Coyotes zone.
10:28 of 1st period - Pierre-Marc Bouchard is hit by Alex Goligoski.
10:34 of 1st period - Slapshot by Michael Kostka.
10:34 of 1st period - Deflect By Alex Goligoski.
10:34 of 1st period - Stopped by Jonas Hiller with a rebound.
10:36 of 1st period - Wrist shot by Tom Gilbert.
10:36 of 1st period - Shot Misses the Net.
10:38 of 1st period - Snap shot by Pierre-Marc Bouchard.
10:38 of 1st period - Stopped by Jonas Hiller with a rebound.
10:50 of 1st period - Minor Penalty to Dale Weise for Slashing.
10:51 of 1st period - Joakim Andersson wins face-off versus Jannik Hansen in Coyotes zone.
11:05 of 1st period - Icing by Jannik Hansen.
11:06 of 1st period - Joakim Andersson wins face-off versus Brandon Prust in RedWings zone.
11:07 of 1st period - Slapshot by Tom Gilbert.
11:07 of 1st period - Stopped by Jonas Hiller with a rebound.
11:57 of 1st period - Eric Nystrom is hit by Justin Abdelkader and loses puck.
12:40 of 1st period - Jaden Schwartz is hit by David Moss and loses puck.
12:50 of 1st period - Penalty to Dale Weise is over, Dale Weise is back on ice.
13:05 of 1st period - Alex Goligoski is hit by Dale Weise and loses puck.
13:22 of 1st period - Chris VandeVelde is hit by Tom Gilbert and loses puck.
13:37 of 1st period - Wrist shot by Dale Weise.
13:37 of 1st period - Stopped by Jonas Hiller with a rebound.
13:39 of 1st period - Slapshot by Mark Borowiecki.
13:39 of 1st period - Goal by Mark Borowiecki - RedWings : 0 - Coyotes : 2.
13:40 of 1st period - Sean Monahan wins face-off versus Milan Michalek in neutral zone.
13:45 of 1st period - Snap shot by Sean Monahan.
13:45 of 1st period - Stopped by Jonas Hiller without a rebound.
13:46 of 1st period - Milan Michalek wins face-off versus Sean Monahan in RedWings zone.
14:06 of 1st period - Snap shot by Mark Borowiecki.
14:06 of 1st period - Shot Blocked by Alexei Emelin.
14:08 of 1st period - Snap shot by Stephen Weiss.
14:08 of 1st period - Shot Hit the Post.
14:46 of 1st period - Bobby Butler is hit by Alexei Emelin and loses puck.
15:11 of 1st period - Johnny Boychuk is hit by Tom Gilbert and loses puck.
15:42 of 1st period - Snap shot by Milan Michalek.
15:42 of 1st period - Shot Blocked by T.J. Brennan.
15:48 of 1st period - Wrist shot by Markus Granlund.
15:48 of 1st period - Shot Misses the Net.
15:50 of 1st period - Snap shot by Paul Byron.
15:50 of 1st period - Stopped by Jonas Hiller with a rebound.
15:52 of 1st period - Snap shot by Jaden Schwartz.
15:52 of 1st period - Stopped by Jonas Hiller with a rebound.
16:22 of 1st period - Backhand shot by Nick Leddy.
16:22 of 1st period - Shot Blocked by Sean Monahan.
16:24 of 1st period - Wrist shot by Bryan Bickell.
16:24 of 1st period - Shot Misses the Net.
16:26 of 1st period - Slapshot by Eric Gryba.
16:26 of 1st period - Stopped by Justin Peters with a rebound.
16:28 of 1st period - Slapshot by Chris VandeVelde.
16:28 of 1st period - Stopped by Justin Peters with a rebound.
17:02 of 1st period - Zac Rinaldo is hit by T.J. Brennan and loses puck.
18:31 of 1st period - Snap shot by Pierre-Marc Bouchard.
18:31 of 1st period - Deflect By Bobby Butler.
18:31 of 1st period - Stopped by Jonas Hiller without a rebound.
18:32 of 1st period - Brandon Prust wins face-off versus Bobby Butler in RedWings zone.
18:41 of 1st period - Slapshot by Brandon Prust.
18:41 of 1st period - Shot Misses the Net.
18:43 of 1st period - Snap shot by Johnny Boychuk.
18:43 of 1st period - Stopped by Justin Peters without a rebound.
18:44 of 1st period - Joakim Andersson wins face-off versus Brandon Prust in Coyotes zone.
18:46 of 1st period - Icing by Eric Nystrom.
18:47 of 1st period - Brandon Prust wins face-off versus Joakim Andersson in Coyotes zone.
18:58 of 1st period - Michal Jordan is hit by Brandon Prust and loses puck.
19:07 of 1st period - Snap shot by Alex Goligoski.
19:07 of 1st period - Goal by Alex Goligoski - RedWings : 1 - Coyotes : 2.
19:08 of 1st period - Brandon Prust wins face-off versus Sean Monahan in neutral zone.
19:27 of 1st period - Wrist shot by Sean Monahan.
19:27 of 1st period - Stopped by Jonas Hiller with a rebound.
Goals for this period are 1 for RedWings vs 2 for Coyotes.
Shots for this period are 9 for RedWings vs 14 for Coyotes.

2nd period


0:01 of 2nd period - Sean Monahan wins face-off versus Milan Michalek in neutral zone.
1:31 of 2nd period - Minor Penalty to David Jones for Cross-checking.
1:32 of 2nd period - Joakim Andersson wins face-off versus Brandon Prust in Coyotes zone.
1:32 of 2nd period - Joakim Andersson is hit by Jannik Hansen.
1:38 of 2nd period - Slapshot by T.J. Brennan.
1:38 of 2nd period - Shot Blocked by Jannik Hansen.
1:40 of 2nd period - Wrist shot by Joakim Andersson.
1:40 of 2nd period - Deflect By Johnny Boychuk.
1:40 of 2nd period - Stopped by Jonas Hiller with a rebound.
1:58 of 2nd period - Slapshot by Alex Goligoski.
1:58 of 2nd period - Shot Blocked by Joakim Andersson.
3:02 of 2nd period - Backhand shot by Jannik Hansen.
3:02 of 2nd period - Shot Blocked by Tom Gilbert.
3:04 of 2nd period - Slapshot by Jason Demers.
3:04 of 2nd period - Goal by Jason Demers - RedWings : 2 - Coyotes : 2.
3:05 of 2nd period - Sean Monahan wins face-off versus Justin Abdelkader in neutral zone.
5:15 of 2nd period - Minor Penalty to Brandon Prust for Interference.
5:16 of 2nd period - Sean Monahan wins face-off versus Milan Michalek in RedWings zone.
5:29 of 2nd period - Wrist shot by Jaden Schwartz.
5:29 of 2nd period - Shot Misses the Net.
5:31 of 2nd period - Slapshot by Michael Kostka.
5:31 of 2nd period - Shot Blocked by Johnny Boychuk.
5:33 of 2nd period - Slapshot by Tom Gilbert.
5:33 of 2nd period - Shot Misses the Net.
5:56 of 2nd period - Alex Goligoski is hit by Eric Nystrom and loses puck.
7:09 of 2nd period - Wrist shot by Sean Monahan.
7:09 of 2nd period - Shot Blocked by Jason Demers.
7:11 of 2nd period - Slapshot by Tom Gilbert.
7:11 of 2nd period - Goal by Tom Gilbert - RedWings : 2 - Coyotes : 3.
7:12 of 2nd period - Pierre-Marc Bouchard wins face-off versus Brandon Prust in neutral zone.
7:40 of 2nd period - Snap shot by Brandon Prust.
7:40 of 2nd period - Shot Misses the Net.
7:42 of 2nd period - Slapshot by Brandon Prust.
7:42 of 2nd period - Stopped by Justin Peters with a rebound.
9:03 of 2nd period - Slapshot by Jaden Schwartz.
9:03 of 2nd period - Stopped by Jonas Hiller with a rebound.
9:05 of 2nd period - Slapshot by Jaden Schwartz.
9:05 of 2nd period - Shot Misses the Net.
10:17 of 2nd period - Slapshot by Travis Moen.
10:17 of 2nd period - Shot Blocked by Sean Monahan.
10:19 of 2nd period - Slapshot by Brandon Prust.
10:19 of 2nd period - Stopped by Justin Peters without a rebound.
10:20 of 2nd period - Sean Monahan wins face-off versus Brandon Prust in Coyotes zone.
10:25 of 2nd period - Snap shot by Jannik Hansen.
10:25 of 2nd period - Shot Misses the Net.
10:37 of 2nd period - Snap shot by Brandon Prust.
10:37 of 2nd period - Shot Misses the Net.
10:39 of 2nd period - Slapshot by Jason Demers.
10:39 of 2nd period - Stopped by Justin Peters with a rebound.
11:05 of 2nd period - Mark Borowiecki is hit by Zac Rinaldo and loses puck.
11:16 of 2nd period - Slapshot by Milan Michalek.
11:16 of 2nd period - Shot Blocked by T.J. Brennan.
11:18 of 2nd period - Wrist shot by Nick Leddy.
11:18 of 2nd period - Shot Misses the Net.
11:33 of 2nd period - Icing by Jesse Joensuu.
11:34 of 2nd period - Joakim Andersson wins face-off versus Justin Abdelkader in RedWings zone.
13:13 of 2nd period - Snap shot by Brandon Prust.
13:13 of 2nd period - Stopped by Justin Peters with a rebound.
13:15 of 2nd period - Slapshot by Jason Demers.
13:15 of 2nd period - Shot Misses the Net.
13:17 of 2nd period - Slapshot by Jason Demers.
13:17 of 2nd period - Stopped by Justin Peters with a rebound.
13:19 of 2nd period - Snap shot by Jason Demers.
13:19 of 2nd period - Deflect By Jannik Hansen.
13:19 of 2nd period - Shot Blocked by Joakim Andersson.
13:19 of 2nd period - Puck is out of play.
13:20 of 2nd period - Chris VandeVelde wins face-off versus Bobby Butler in Coyotes zone.
13:57 of 2nd period - Wrist shot by Jannik Hansen.
13:57 of 2nd period - Stopped by Justin Peters without a rebound.
13:58 of 2nd period - Markus Granlund wins face-off versus Brandon Prust in Coyotes zone.
14:34 of 2nd period - Mark Borowiecki is hit by Alexei Emelin and loses puck.
14:53 of 2nd period - Tom Gilbert is hit by Justin Abdelkader and loses puck.
15:31 of 2nd period - Minor Penalty to Brandon Prust for Hooking.
15:32 of 2nd period - Milan Michalek wins face-off versus Joakim Andersson in RedWings zone.
15:51 of 2nd period - Wrist shot by Pierre-Marc Bouchard.
15:51 of 2nd period - Stopped by Jonas Hiller without a rebound.
15:52 of 2nd period - Zac Rinaldo wins face-off versus Eric Nystrom in RedWings zone.
16:16 of 2nd period - Off-side.
16:17 of 2nd period - Zac Rinaldo wins face-off versus Sean Monahan in neutral zone.
17:13 of 2nd period - Jason Demers is hit by Sean Monahan and loses puck.
17:31 of 2nd period - Penalty to Brandon Prust is over, Brandon Prust is back on ice.
19:03 of 2nd period - Snap shot by Jesse Joensuu.
19:03 of 2nd period - Stopped by Justin Peters with a rebound.
Goals for this period are 1 for RedWings vs 1 for Coyotes.
Shots for this period are 8 for RedWings vs 4 for Coyotes.

3rd period


0:01 of 3rd period - Justin Abdelkader wins face-off versus Sean Monahan in neutral zone.
0:13 of 3rd period - Slapshot by Alexei Emelin.
0:13 of 3rd period - Shot Misses the Net.
0:34 of 3rd period - Snap shot by Justin Abdelkader.
0:34 of 3rd period - Stopped by Justin Peters with a rebound.
0:34 of 3rd period - Justin Peters from Coyotes is injured at 0:34 of 3rd period (Torso).
0:34 of 3rd period - Malcolm Subban enters game.
0:35 of 3rd period - Justin Abdelkader wins face-off versus Sean Monahan in Coyotes zone.
0:58 of 3rd period - Wrist shot by Jaden Schwartz.
0:58 of 3rd period - Stopped by Jonas Hiller without a rebound.
0:59 of 3rd period - Joakim Andersson wins face-off versus Jannik Hansen in RedWings zone.
1:04 of 3rd period - Snap shot by David Jones.
1:04 of 3rd period - Stopped by Jonas Hiller with a rebound.
1:22 of 3rd period - Snap shot by Jannik Hansen.
1:22 of 3rd period - Deflect By Brandon Prust.
1:22 of 3rd period - Stopped by Malcolm Subban with a rebound.
2:00 of 3rd period - Snap shot by Sean Monahan.
2:00 of 3rd period - Deflect By Jaden Schwartz.
2:00 of 3rd period - Stopped by Jonas Hiller without a rebound.
2:01 of 3rd period - Bobby Butler wins face-off versus Chris VandeVelde in RedWings zone.
2:06 of 3rd period - Snap shot by Pierre-Marc Bouchard.
2:06 of 3rd period - Shot Misses the Net.
2:08 of 3rd period - Wrist shot by Bobby Butler.
2:08 of 3rd period - Shot Misses the Net.
3:02 of 3rd period - Minor Penalty to Mark Borowiecki for Holding.
3:03 of 3rd period - Joakim Andersson wins face-off versus Brandon Prust in Coyotes zone.
3:30 of 3rd period - Slapshot by Jason Demers.
3:30 of 3rd period - Shot Misses the Net.
4:45 of 3rd period - David Jones is hit by Travis Moen and loses puck.
4:54 of 3rd period - Johnny Boychuk is hit by Jaden Schwartz and loses puck.
5:02 of 3rd period - Penalty to Mark Borowiecki is over, Mark Borowiecki is back on ice.
5:12 of 3rd period - Penalty Shot by Nick Leddy for RedWings.
5:12 of 3rd period - Deke by Nick Leddy.
5:12 of 3rd period - Stopped by Malcolm Subban.
5:13 of 3rd period - Bobby Butler wins face-off versus Chris VandeVelde in RedWings zone.
5:36 of 3rd period - Slapshot by Jason Demers.
5:36 of 3rd period - Deflect By David Moss.
5:36 of 3rd period - Shot Misses the Net.
5:36 of 3rd period - Puck is out of play.
5:37 of 3rd period - Justin Abdelkader wins face-off versus Sean Monahan in Coyotes zone.
5:48 of 3rd period - Sean Monahan is hit by Eric Gryba.
6:34 of 3rd period - Matt Gilroy is hit by Bryan Bickell and loses puck.
6:39 of 3rd period - Backhand shot by David Moss.
6:39 of 3rd period - Shot Misses the Net.
6:41 of 3rd period - Backhand shot by Jason Demers.
6:41 of 3rd period - Stopped by Malcolm Subban with a rebound.
7:19 of 3rd period - Snap shot by Jaden Schwartz.
7:19 of 3rd period - Stopped by Jonas Hiller without a rebound.
7:20 of 3rd period - Jannik Hansen wins face-off versus Joakim Andersson in RedWings zone.
7:20 of 3rd period - Jannik Hansen is hit by Mark Borowiecki.
7:26 of 3rd period - Wrist shot by David Jones.
7:26 of 3rd period - Shot Misses the Net.
7:46 of 3rd period - Wrist shot by David Jones.
7:46 of 3rd period - Stopped by Jonas Hiller without a rebound.
7:47 of 3rd period - Sean Monahan wins face-off versus Chris VandeVelde in RedWings zone.
8:04 of 3rd period - Wrist shot by Bryan Bickell.
8:04 of 3rd period - Stopped by Malcolm Subban without a rebound.
8:05 of 3rd period - Sean Monahan wins face-off versus Chris VandeVelde in Coyotes zone.
8:05 of 3rd period - Sean Monahan is hit by Bryan Bickell.
8:53 of 3rd period - Bobby Butler is hit by Jannik Hansen.
9:14 of 3rd period - Jason Demers is hit by Eric Nystrom and loses puck.
9:21 of 3rd period - Snap shot by David Jones.
9:21 of 3rd period - Shot Misses the Net.
9:23 of 3rd period - Slapshot by Matt Gilroy.
9:23 of 3rd period - Shot Misses the Net.
9:25 of 3rd period - Slapshot by Michal Jordan.
9:25 of 3rd period - Stopped by Jonas Hiller without a rebound.
9:26 of 3rd period - Justin Abdelkader wins face-off versus Joakim Andersson in RedWings zone.
9:49 of 3rd period - Eric Nystrom is hit by Milan Michalek and loses puck.
10:20 of 3rd period - Johnny Boychuk is hit by Mark Borowiecki and loses puck.
10:45 of 3rd period - Snap shot by Milan Michalek.
10:45 of 3rd period - Shot Misses the Net.
11:56 of 3rd period - Justin Abdelkader is hit by Evan Oberg and loses puck.
12:26 of 3rd period - Jason Demers is hit by Jaden Schwartz and loses puck.
12:50 of 3rd period - Snap shot by Jason Demers.
12:50 of 3rd period - Shot Misses the Net.
12:52 of 3rd period - Slapshot by Alexei Emelin.
12:52 of 3rd period - Shot Blocked by Matt Gilroy.
12:54 of 3rd period - Wrist shot by David Moss.
12:54 of 3rd period - Shot Misses the Net.
12:56 of 3rd period - Snap shot by Alexei Emelin.
12:56 of 3rd period - Shot Blocked by Pierre-Marc Bouchard.
12:58 of 3rd period - Slapshot by Eric Gryba.
12:58 of 3rd period - Deflect By Bobby Butler.
12:58 of 3rd period - Goal by Eric Gryba - RedWings : 3 - Coyotes : 3.
12:59 of 3rd period - Brandon Prust wins face-off versus Joakim Andersson in neutral zone.
13:47 of 3rd period - Minor Penalty to Eric Gryba for Goalie Interference.
13:48 of 3rd period - Sean Monahan wins face-off versus Milan Michalek in RedWings zone.
13:55 of 3rd period - Wrist shot by Sean Monahan.
13:55 of 3rd period - Shot Misses the Net.
14:05 of 3rd period - Wrist shot by Jaden Schwartz.
14:05 of 3rd period - Stopped by Jonas Hiller without a rebound.
14:06 of 3rd period - Sean Monahan wins face-off versus Milan Michalek in RedWings zone.
14:09 of 3rd period - Snap shot by Sean Monahan.
14:09 of 3rd period - Deflect By Jaden Schwartz.
14:09 of 3rd period - Stopped by Jonas Hiller without a rebound.
14:10 of 3rd period - Milan Michalek wins face-off versus Joakim Andersson in RedWings zone.
15:01 of 3rd period - Johnny Boychuk is hit by David Jones and loses puck.
15:47 of 3rd period - Penalty to Eric Gryba is over, Eric Gryba is back on ice.
15:52 of 3rd period - Wrist shot by Sean Monahan.
15:52 of 3rd period - Stopped by Jonas Hiller with a rebound.
15:54 of 3rd period - Snap shot by T.J. Brennan.
15:54 of 3rd period - Deflect By Sean Monahan.
15:54 of 3rd period - Stopped by Jonas Hiller with a rebound.
15:56 of 3rd period - Snap shot by David Jones.
15:56 of 3rd period - Stopped by Jonas Hiller with a rebound.
15:58 of 3rd period - Slapshot by Tom Gilbert.
15:58 of 3rd period - Deflect By Jason Demers.
15:58 of 3rd period - Stopped by Jonas Hiller with a rebound.
16:38 of 3rd period - Paul Postma is hit by Tom Gilbert and loses puck.
16:45 of 3rd period - Jaden Schwartz is hit by Eric Gryba and loses puck.
17:24 of 3rd period - Bobby Butler is hit by David Moss and loses puck.
17:47 of 3rd period - Eric Nystrom is hit by Alex Goligoski and loses puck.
18:13 of 3rd period - Wrist shot by Jannik Hansen.
18:13 of 3rd period - Stopped by Malcolm Subban with a rebound.
18:15 of 3rd period - Slapshot by Brandon Prust.
18:15 of 3rd period - Shot Blocked by Joakim Andersson.
18:17 of 3rd period - Snap shot by Brandon Prust.
18:17 of 3rd period - Deflect By Jannik Hansen.
18:17 of 3rd period - Shot Misses the Net.
18:17 of 3rd period - Puck is out of play.
18:18 of 3rd period - Sean Monahan wins face-off versus Brandon Prust in Coyotes zone.
18:26 of 3rd period - Off-side.
18:27 of 3rd period - Sean Monahan wins face-off versus Chris VandeVelde in neutral zone.
19:04 of 3rd period - Pierre-Marc Bouchard is hit by Johnny Boychuk and loses puck.
19:11 of 3rd period - Wrist shot by Justin Abdelkader.
19:11 of 3rd period - Deflect By Matt Gilroy.
19:11 of 3rd period - Shot Blocked by Matt Gilroy.
19:11 of 3rd period - Puck is out of play.
19:12 of 3rd period - Bobby Butler wins face-off versus Justin Abdelkader in Coyotes zone.
Goals for this period are 1 for RedWings vs 0 for Coyotes.
Shots for this period are 6 for RedWings vs 12 for Coyotes.

Overtime #1


0:01 of 1st overtime period - Joakim Andersson wins face-off versus Milan Michalek in neutral zone.
0:17 of 1st overtime period - Wrist shot by Jaden Schwartz.
0:17 of 1st overtime period - Goal by Jaden Schwartz - RedWings : 3 - Coyotes : 4.
Goals for this period are 0 for RedWings vs 1 for Coyotes.
Shots for this period are 0 for RedWings vs 1 for Coyotes.


Output by the SimonT Hockey Simulator (STHS) for Eric Dolegowski -- Original Page W3C XHTML 1.0 Valid
Hockey Simulator - Hockey Simulation - Hockey Manager